 Dungeon Crawl Stone Soup version 0.18-a0-1730-g73f0523 (webtiles) character file.

47 Nattravnen the Firebug (level 3, -8/26 HPs)
             Began as a Draconian Fire Elementalist on Apr 7, 2016.
             Killed from afar by a goblin (34 damage)
             ... with an exploding inner flame
             ... hexed by the player character
             ... on level 2 of the Dungeon on Apr 10, 2016.
             The game lasted 00:12:45 (1788 turns).

Nattravnen the Firebug (DrFE)                       Turns: 1788, Time: 00:12:46

Health: -8/26      AC:  5    Str: 11    XL:     3   Next: 48%
Magic:  1/6        EV: 12    Int: 15    God:
Gold:   29         SH:  0    Dex: 11    Spells: 3 memorised, 0 levels left

rFire  . . .     SeeInvis .     (no weapon)
rCold  . . .     Gourm    .     (armour unavailable)
rNeg   . . .     Faith    .     (no shield)
rPois  .         Spirit   .     (helmet restricted)
rElec  .         Dismiss  .     (no cloak)
rCorr  .         Reflect  .     (no gloves)
SustAt .         Harm     .     (no boots)
MR     .....                    (no amulet)
Stlth  ++........               (no ring)
                                (no ring)

@: not resistant to hostile enchantments, unstealthy
A: unfitting armour, cold-blooded, AC +5
a: no special abilities


You were on level 2 of the Dungeon.
You were not hungry.

You visited 1 branch of the dungeon, and saw 2 of its levels.

You collected 29 gold pieces.

Inventory:

Armour
 c - a +0 ring mail
Scrolls
 d - a scroll of remove curse {unknown}
Potions
 e - a potion of heal wounds {unknown}
Books
 a - a book of Flames

   Spells                             Type                      Level
   a - Flame Tongue                   Conjuration/Fire             1
   b - Throw Flame                    Conjuration/Fire             2
   c - Conjure Flame                  Conjuration/Fire             3
   d - Inner Flame                    Hexes/Fire                   3
   e - Sticky Flame                   Conjuration/Fire             4
   f - Fireball                       Conjuration/Fire             5
Comestibles
 b - a bread ration
 f - a meat ration
 g - 2 beef jerkies


   Skills:
 + Level 0.2 Fighting
 + Level 2.2 Dodging
 + Level 1.8 Stealth
 + Level 0.4 Unarmed Combat
 + Level 2.3 Spellcasting
 + Level 1.2 Conjurations
 + Level 3.7 Fire Magic


You couldn't memorise any spells.
You knew the following spells:

 Your Spells              Type           Power        Failure   Level  Hunger
a - Flame Tongue          Conj/Fire      #....        10%         1    #......
b - Inner Flame           Hex/Fire       #.......     34%         3    ###....
c - Throw Flame           Conj/Fire      #.....       12%         2    ###....


Dungeon Overview and Level Annotations

Branches:
Dungeon (1/15)

Altars:


Innate Abilities, Weirdness & Mutations

Your plain brown scales are hard (AC +5).
Your body does not fit into most forms of armour.
You are cold-blooded and may be slowed by cold attacks.


Message History

A rat comes into view.
The goblin barely misses you.
A giant newt comes into view.
Casting: Flame Tongue
Confirm with . or Enter, or press ? or * to list all spells.
Aiming: Inner Flame
Press: ? - help, Shift-Dir - straight line, f - goblin
Aim: a goblin (chance to defeat MR: 84%)
The goblin is filled with an inner flame.
The goblin closely misses you.
Casting: Inner Flame
Confirm with . or Enter, or press ? or * to list all spells.
Aiming: Throw Flame
Press: ? - help, Shift-Dir - straight line, f/p - goblin
Aim: a goblin (inner flame)
The puff of flame hits the goblin.
The goblin explodes!
The fiery explosion engulfs you!
Ouch! That really hurt!
You die...

#################
#[............§@#
#.#############§#
##.######## #r#
#.......... .l.
.........# #.#.
#<######.# ..#.#
.... ### # .....#
.....#


You could see a giant newt and a rat.

Vanquished Creatures
  An adder (D:2)
  2 oozes (D:1)
  2 dart slugs (D:1)
  A ball python (D:1)
  4 giant cockroaches (D:1)
  2 goblins (D:1)
  2 jackals (D:2)
  2 bats (D:1)
  A giant newt (D:1)
  5 kobolds (D:1)
  3 rats (D:1)
25 creatures vanquished.

Notes
Turn   | Place    | Note
--------------------------------------------------------------
     0 | D:1      | Nattravnen the Draconian Fire Elementalist began the quest for the Orb.
     0 | D:1      | Reached XP level 1. HP: 14/14 MP: 3/3
   143 | D:1      | Reached XP level 2. HP: 15/20 MP: 0/5
   415 | D:1      | Upgraded the game from 0.18-a0-1702-gd20c6a5 to 0.18-a0-1730-g73f0523
   971 | D:1      | Reached XP level 3. HP: 26/26 MP: 2/6
  1065 | D:1      | Learned a level 3 spell: Inner Flame
  1068 | D:1      | Learned a level 2 spell: Throw Flame
  1279 | D:1      | You fall through a shaft!
  1788 | D:2      | Killed from afar by a goblin

Vault maps used:
D:1:      dpeg_arrival_ternary
D:2:      kennysheep_nub, uniq_iyjb, uniq_jessica

Skill      XL: |  1  2 |
---------------+-------+-----
Dodging        | 2 |  2.2
Fighting       | |  0.2
Stealth        | |  1.8
Unarmed Combat | |  0.4
Spellcasting   | |  2.3
Conjurations   | |  1.2
Fire Magic     | |  3.7

Action                   || total
-------------------------++-------
Melee: Unarmed           ||    51
 Cast: Flame Tongue      ||    41
       Throw Flame       ||     2
       Inner Flame       ||     1
  Eat: Bread ration      ||     1
